 Dungeon Crawl Stone Soup version 0.21.0 (webtiles) character file.

37 tidbits the Sneak (level 3, -2/14 HPs)
             Began as a Felid Air Elementalist on Jan 7, 2018.
             Slain by a goblin
             ... wielding a +0 dagger
              (3 damage)
             ... on level 3 of the Dungeon.
             The game lasted 00:02:49 (336 turns).

tidbits the Sneak (Felid Air Elementalist)           Turns: 336, Time: 00:02:49

Health: -2/14      AC:  1    Str:  5    XL:     3   Next: 23%
Magic:  7/7        EV: 18    Int: 16    God:
Gold:   20         SH:  5    Dex: 16    Spells: 5/6 levels left
                                        Lives:  0   Deaths: 0

rFire    . . .     SeeInvis +     - Unarmed
rCold    . . .     Gourm    .   (shield unavailable)
rNeg     . . .     Faith    .   (armour unavailable)
rPois    .         Spirit   .   (helmet unavailable)
rElec    .         Reflect  +   (cloak unavailable)
rCorr    .         Harm     .   (gloves unavailable)
MR       .....                  (boots unavailable)
Stlth    +++.......             h - +5 amulet of reflection
HPRegen  0.04/turn              (no ring)
MPRegen  0.10/turn              (no ring)

@: quick
A: very small, no armour, no weapons or thrown items, stealth, claws 1, fangs 3,
see invisible, carnivore, speed 1, shaggy fur 1, slow metabolism 1, sharp paws
a: no special abilities


You were on level 3 of the Dungeon.
You were very full.

You visited 1 branch of the dungeon, and saw 3 of its levels.

You collected 20 gold pieces.

Inventory:

Jewellery
 h - a +5 amulet of reflection (around neck)
   (You found it on level 2 of the Dungeon)
Scrolls
 c - 2 scrolls of enchant weapon {unknown}
 f - a scroll of random uselessness {unknown}
 g - 2 scrolls of teleportation {unknown}
Potions
 d - 2 potions of degeneration {unknown}
 e - a potion of resistance {unknown}
Books
 a - a book of Air

   Spells                             Type                      Level
   a - Shock                          Conjuration/Air              1
   b - Swiftness                      Charms/Air                   2
   c - Static Discharge               Conjuration/Air              3
   d - Airstrike                      Air                          4
   e - Lightning Bolt                 Conjuration/Air              5
Comestibles
 b - a ration


   Skills:
 - Level 2.6 Dodging
 + Level 4.2 Stealth
 + Level 2.0 Unarmed Combat
 - Level 2.0 Spellcasting
 - Level 0.8 Conjurations
 - Level 2.6 Air Magic


You had 5 spell levels left.
You knew the following spells:

 Your Spells              Type           Power        Failure   Level  Hunger
a - Shock                 Conj/Air       #...         10%         1    #......


Dungeon Overview and Level Annotations

Branches:
Dungeon (3/15)

Altars:
Ru


Innate Abilities, Weirdness & Mutations

You cannot wear armour.
You are incapable of wielding weapons or throwing items.
Your paws allow you to move quietly. (Stealth)
You have sharp claws.
You have razor-sharp teeth.
You have supernaturally acute eyesight. (SInv)
You are carnivorous and can eat meat at any time.
You cover ground quickly.
You are covered in fur. (AC +1)
You have a slow metabolism.
Your sharp claws are effective at attacking unaware monsters.


Message History

Aiming: Shock
Press: ? - help, Shift-Dir - straight line, f - bat
Aim: a bat (severely wounded, slow)
The zap hits the bat.
You kill the bat!
You see here a giant cockroach corpse.
You open the door.
There is an open door here.
Found 7 tomahawks.
Found a scroll labeled IREUZ NUOFFEUN GOL.
Found a hunting sling.
Found a stone staircase leading down.
Found a chain mail.
You enter a teleport trap!
The teleport trap disappears.
Your surroundings suddenly seem different.
Found a scroll labeled UZIMI CEFREICKIO.
A leopard gecko comes into view.
The leopard gecko misses you.
Casting: Shock
Confirm with . or Enter, or press ? or * to list all spells.
Aiming: Shock
Press: ? - help, Shift-Dir - straight line The zap misses the leopard gecko. x2; The leopard gecko closely misses you.
You completely miss the leopard gecko.
The leopard gecko completely misses you.
You scratch the leopard gecko but do no damage.
The leopard gecko closely misses you.
You barely miss the leopard gecko. The leopard gecko bites you.
* * * LOW HITPOINT WARNING * * *
The leopard gecko misses you.
You scratch the leopard gecko but do no damage.
The leopard gecko completely misses you.
You scratch the leopard gecko.
The leopard gecko is moderately wounded.
The leopard gecko closely misses you.
Casting: Shock
Confirm with . or Enter, or press ? or * to list all spells.
Aiming: Shock
Press: ? - help, Shift-Dir - straight line The zap hits the leopard gecko.
The leopard gecko is severely wounded.
The zap misses the leopard gecko.
The leopard gecko misses you.
Casting: Shock
Confirm with . or Enter, or press ? or * to list all spells.
Aiming: Shock
Press: ? - help, Shift-Dir - straight line The zap hits the leopard gecko.
You kill the leopard gecko!
Your Unarmed Combat skill increases to level 2!
You see here a leopard gecko corpse.
You butcher the leopard gecko corpse.
f - a chunk of flesh Eat a chunk of flesh? (ye/n/q)
You eat the chunk of flesh.
This raw flesh tastes great.
f - a scroll labeled UZIMI CEFREICKIO A ball python comes into view.
A ball python is nearby!
A goblin comes into view. It is wielding a dagger.
Found an escape hatch in the floor.
The goblin shouts!
The ball python misses you. The ball python barely misses you.
You closely miss the ball python. The ball python closely misses you.
The ball python misses you.
You scratch the ball python.
You kill the ball python!
You barely miss the goblin. The goblin barely misses you.
You closely miss the goblin. You block the goblin's attack.
You closely miss the goblin. The goblin misses you.
You closely miss the goblin. You closely miss the goblin.
You block the goblin's attack.
You closely miss the goblin. You block the goblin's attack.
You barely miss the goblin. The goblin misses you.
You scratch the goblin.
The goblin is heavily wounded.
The goblin misses you.
You scratch the goblin but do no damage.
The goblin is heavily wounded.
The goblin hits you with a dagger.
* * * LOW HITPOINT WARNING * * *
You scratch the goblin.
The goblin is almost dead.
The goblin closely misses you.
You scratch the goblin but do no damage.
The goblin is almost dead.
You block the goblin's attack.
You barely miss the goblin.
The goblin is almost dead.
The goblin completely misses you.
You barely miss the goblin.
The goblin is almost dead.
You block the goblin's attack.
You scratch the goblin but do no damage.
You bite the goblin, but do no damage.
The goblin is almost dead.
The goblin hits you with a dagger.
* * * LOW HITPOINT WARNING * * *
You barely miss the goblin.
The goblin is almost dead.
The goblin hits you with a dagger.
You die...

#.# # #.# #
#.# # #.# #
#.# # #.# . #
#.# ##. # #.#
#.# ######
#@# #.#
...... #g#
#.# #### #.#
#.###########
#>#
#...<........
#.#
#.###########
#......#
########


You could see a goblin.

Vanquished Creatures
  2 adders (D:3)
  A dart slug (D:2)
  2 leopard geckos
  An orc (D:3)
  3 ball pythons (D:3)
  2 bats
  A giant cockroach (D:3)
  A quokka (D:2)
  A goblin (D:2)
  2 rats (D:3)
16 creatures vanquished.

Notes
Turn   | Place    | Note
-------+----------+-------------------------------------------
     0 | D:1      | tidbits the Felid Air Elementalist began the quest for the Orb.
     0 | D:1      | Reached XP level 1. HP: 7/7 MP: 4/4
    46 | D:2      | Reached skill level 3 in Stealth
   149 | D:2      | Reached skill level 1 in Unarmed Combat
   152 | D:2      | Reached XP level 2. HP: 8/11 MP: 4/6
   241 | D:3      | Found a sacrificial altar of Ru.
   255 | D:3      | Reached skill level 4 in Stealth
   255 | D:3      | Reached XP level 3. HP: 9/14 MP: 7/7
   302 | D:3      | Reached skill level 2 in Unarmed Combat
   335 | D:3      | HP: 1/14 [goblin/dagger (4)]
   336 | D:3      | Slain by a goblin

Skill      XL: |  1  2  3 |
---------------+----------+-----
Stealth        | 3 4 |  4.2
Unarmed Combat | 1 2 |  2.0
Dodging        | |  2.6
Spellcasting   | |  2.0
Conjurations   | |  0.8
Air Magic      | |  2.6

Action                   || total
-------------------------++-------
Melee: Unarmed           ||    73
       Bite              ||     5
 Cast: Shock             ||    11
 Stab: Sleeping          ||     3
       Paralysed         ||     1
       Invisible         ||     1
  Eat: Chunk             ||     5
Armor: Skin              ||     2
Dodge: Dodged            ||    63
Block: Other             ||    12

Table legend:
 A = Turns spent in this place as a percentage of turns spent in the entire game.
 B = Non-inter-level travel turns spent in this place as a percentage of non-inter-level travel turns spent in the entire game.
 C = Inter-level travel turns spent in this place as a percentage of turns spent in this place.
 D = Turns resting spent in this place as a percentage of non-inter-level travel turns spent in this place.
 E = Turns spent auto-exploring this place as a percentage of non-inter-level travel turns spent in this place.
 F = Non-inter-level travel turns spent in this place divided by the number of levels of this place that you've seen.
                   A       B       C       D       E      F
               +-------+-------+-------+-------+-------+----------------------
         Total | 100.0 | 100.0 |   0.0 |   0.0 |   0.0 | 112.0
       Dungeon | 100.0 | 100.0 |   0.0 |   0.0 |   0.0 | 112.0
               +-------+-------+-------+-------+-------+----------------------

Table legend:
 A = Kills in this place as a percentage of kills in entire the game.
 B = Kills by you in this place as a percentage of kills by you in the entire game.
 C = Kills by friends in this place as a percentage of kills by friends in the entire game.
 D = Other kills in this place as a percentage of other kills in the entire game.
 E = Experience gained in this place as a percentage of experience gained in the entire game.
 F = Experience gained in this place divided by the number of levels of this place that you have seen.
                   A       B       C       D       E      F
               +-------+-------+-------+-------+-------+----------------------
         Total | 100.0 | 100.0 |   N/A |   N/A | 100.0 |  18.0
       Dungeon | 100.0 | 100.0 |   N/A |   N/A | 100.0 |  18.0
               +-------+-------+-------+-------+-------+----------------------

Vault maps used:
D:1:      lemuel_arrival_hallway
D:3:      nicolae_ru_great_annihilating_truth, first_ration, item_on_display_a,
          uniq_terence
